Unix NetHack Version 3.7.0-80 Work-in-progress - last build Apr 4 2023 12:38:21 (790859391a0ee7bd3181b412646ad1b7e633ff00,branch:master). Game began 2023-04-07 17:36:06, ended 2023-04-07 17:45:20. tromix, chaotic male human Ranger -- ---.--------- ------ ----- --...|.... ..|-..... .... |^.. |...--..|....# .... | -----------..--|....-....{....... |.................|...%..#......- | -----------.%--.....|..G.....| --..----.----h..--+-- --....---.| |...| |.........| +.G.| |.........----...| --................| --...............G.| --....|......-----..| |.....|......|. |..| --........|.|.|...-G@- |...<.....|-|.|...|.... --.....---- |.|---|...... ---.--- --- -------- --- Tromix the Lookout St:16 Dx:11 Co:15 In:13 Wi:14 Ch:7 Chaotic Dlvl:7 $:54 HP:0(36) Pw:33(33) AC:7 Exp:5 T:1935 Latest messages: The gnome throws a dart! The dart misses the gnome. A dart misses you. The gnome throws a dart! You are almost hit by a dart. You hit the gnome. The gnome hits! You kill the gnome! The gnome strikes at your displaced image and misses you! The gnome picks up 11 darts. You miss the gnome. You kill the gnome! The gnome lord picks up a dart. The gnome lord picks up a dart. You kill the gnome! The gnome lord wields a dagger! The dagger welds itself to the gnome lord's hand! The gnome lord picks up a thonged club. The gnome lord picks up a white gem. The gnome lord picks up 11 darts. The dwarf picks up an elven bow. You descend the stairs. You hear crashing rock. You hear a door open. You kill the gnome! You see here a gnome corpse. You hear a door open. You swap places with the peaceful watchman. The dungeon acoustics noticeably change. You hit the dwarf! You hit the dwarf! The dwarf swings her pick-axe. The dwarf hits! You kill the dwarf! Welcome to experience level 5. The dwarf swings her pick-axe. The dwarf hits! The gnome lord wields a thonged club! The dwarf picks up a hooded cloak. The gnome wields a crossbow! You hear someone praising Venus. The dwarf picks up a pair of hard shoes. The gnome swings his crossbow. The gnome hits! You hear crashing rock. You hear a door open. The gnome hits! You die... Do you want your possessions identified? [ynq] (y) y Do you want to see your attributes? [ynq] (y) q Inventory: Coins $ - 54 gold pieces Weapons c - 55 blessed +2 arrows (in quiver) d - 39 +0 arrows b - a +1 bow (alternate weapon; not wielded) a - a +1 dagger (weapon in hand) B - a +0 dagger x - a cursed +0 elven dagger Armor E - an uncursed +2 cloak of displacement (being worn) Comestibles r - an uncursed slime mold f - 4 uncursed cram rations A - an uncursed tripe ration Scrolls G - a blessed scroll of food detection C - a cursed scroll of gold detection n - 2 uncursed scrolls of identify y - a cursed scroll of remove curse i - an uncursed scroll of stinking cloud j - an uncursed scroll of teleportation Spellbooks s - an uncursed spellbook of force bolt t - an uncursed spellbook of force bolt v - an uncursed spellbook of teleport away Potions m - an uncursed potion of confusion h - an uncursed potion of fruit juice q - an uncursed potion of fruit juice z - an uncursed potion of healing o - an uncursed potion of speed Tools w - a cursed magic lamp F - an uncursed oil lamp e - an uncursed skeleton key Gems/Stones k - an uncursed worthless piece of blue glass u - an uncursed worthless piece of violet glass D - an uncursed worthless piece of yellowish brown glass Tromix the Ranger's attributes: Background: You were a Lookout, a level 5 male human Ranger. You were chaotic, on a mission for Mars who was opposed by Mercury (lawful) and Venus (neutral). You were in the Gnomish Mines, on level 7. You entered the dungeon 1935 turns ago. There was a full moon in effect when your adventure ended. You had 161 experience points, 159 more were needed to attain level 6. Basics: You had 0 out of 36 hit points. You had all 33 energy points (spell power). Your armor class was 7. Your wallet contained 54 zorkmids. Autopickup was off. Final Characteristics: Your strength was 16 (limit:18/100). Your dexterity was 11 (limit:18). Your constitution was 15 (limit:18). Your intelligence was 13 (limit:18). Your wisdom was 14 (limit:18). Your charisma was 7 (limit:18). Final Status: You were not hungry. You were unencumbered. You were wielding a dagger. You had basic skill with dagger. Final Attributes: You were devoutly aligned. You had automatic searching. You were displaced. You were warded. You were lucky. You are dead. Miscellaneous: You disabled loading of bones levels. Total elapsed playing time was 9 minutes and 14 seconds. Major events: Turn 1: tromix the chaotic male human Ranger entered the dungeon 1527: entered the Gnomish Mines 1538: attained the rank of Lookout (level 3) 1935: killed by a gnome Vanquished creatures: a gnome leader a dwarf an iguana an acid blob 2 hobbits a yellow mold 16 gnomes 3 geckos 3 jackals 2 foxes 2 sewer rats a grid bug a bat 3 lichens a kobold zombie 5 newts 44 creatures vanquished. No species were genocided or became extinct. Voluntary challenges: You were illiterate. You never engraved Elbereth. You never genocided any monsters. You never polymorphed an object. You never changed form. You used no wishes. Achievements: You entered a shop. You entered the Gnomish Mines. You attained the rank of Lookout. The Dungeons of Doom: levels 1 to 5 Level 1: An altar, a sink. Level 2: A scroll shop, a fountain. Level 3: A sink. Level 4: Some fountains, a grave. Stairs down to The Gnomish Mines. Level 5: A fountain. The Gnomish Mines: levels 5 to 7 Level 5: Level 6: Level 7: <- You were here. A fountain, some trees. Final resting place for you, killed by a gnome. Game over: ---------- / \ / REST \ / IN \ / PEACE \ / \ | tromix | | 54 Au | | killed by a | | gnome | | | | | | 2023 | *| * * * | * _________)/\\_//(\/(/\)/\//\/|_)_______ Goodbye tromix the Ranger... You died in The Gnomish Mines on dungeon level 7 with 993 points, and 54 pieces of gold, after 1935 moves. You were level 5 with a maximum of 36 hit points when you died.